 Dungeon Crawl Stone Soup version 0.30-a0-341-g682706514a (webtiles) character file.

Game seed: 16165508148513966001

200 ragingrage the Conjurer (level 5, 0/31 HPs)
             Began as an Octopode Wanderer on Nov 3, 2022.
             Slain by an orc wizard
             ... wielding a +0 dagger
              (2 damage)
             ... on level 4 of the Dungeon.
             The game lasted 00:04:21 (3438 turns).

ragingrage the Conjurer (Octopode Wanderer)         Turns: 3438, Time: 00:04:22

Health: 0/31       AC:  1    Str: 14    XL:     5   Next: 78%
Magic:  3/8        EV: 12    Int: 18    God:
Gold:   155        SH:  0    Dex:  7    Spells: 2/8 levels left

rFire   . . .      SeeInvis .    m - +0 morningstar
rCold   . . .      Faith    .    (no shield)
rNeg    . . .      Spirit   .    (helmet restricted)
rPois   .          Reflect  .    (no amulet)
rElec   .          Harm     .    (no ring)
rCorr   .          Rampage  .    (no ring)
Will    .....                    (no ring)
Stlth   ++........               (no ring)
HPRegen 0.25/turn                (no ring)
MPRegen 0.11/turn                (no ring)
                                 (no ring)
                                 (no ring)

@: hasted, very quick
A: almost no armour, amphibious, 8 rings, camouflage 1, gelatinous body 1,
(nimble swimmer 1), tentacles
a: no special abilities


You were on level 4 of the Dungeon.
You visited 1 branch of the dungeon, and saw 4 of its levels.

You collected 155 gold pieces.

Inventory:

Hand Weapons
 m - a +0 morningstar (weapon)
Missiles
 b - 18 poisoned darts
Scrolls
 c - 2 scrolls of fear
 d - 3 scrolls of teleportation {unknown}
 e - 2 scrolls of amnesia {unknown}
 g - a scroll of magic mapping {unknown}
 h - a scroll of immolation {unknown}
 i - 3 scrolls of identify {unknown}
 k - a scroll of vulnerability {unknown}
 l - a scroll of blinking
Potions
 f - 2 potions of curing
 j - 2 potions of lignification {unknown}


   Skills:
 - Level 2.0 Throwing
 + Level 2.3 Spellcasting
 + Level 5.9 Conjurations
 - Level 3.0 Translocations
 + Level 1.1 Air Magic


You had 2 spell levels left.
You knew the following spells:

 Your Spells              Type           Power      Damage    Failure   Level
a - Foxfire               Conj/Fire      48%        2x1d6     5%          1
b - Shock                 Conj/Air       56%        1d6       4%          1
c - Beastly Appendage     Tmut           4%         N/A       17%         1
d - Stone Arrow           Conj/Erth      24%        3d8       16%         3

Your spell library contained the following spells:

 Spells                   Type           Power      Damage    Failure   Level
 Magic Dart               Conj           92%        1d7       1%          1
 Apportation              Tloc           24%        N/A       4%          1
 Sandblast                Erth           4%         2d4       17%         1
 Call Imp                 Summ           2%         N/A       26%         2
 Passwall                 Tmut/Erth      1%         N/A       26%         2
 Wereblood                Tmut           2%         N/A       26%         2
 Lesser Beckoning         Tloc           24%        N/A       16%         3
 Mephitic Cloud           Conj/Pois/Air  10%        N/A       21%         3
 Iskenderun's Mystic Bla  Conj/Tloc      18%        2d6       28%         4
 Spider Form              Tmut/Pois      2%         N/A       45%         3
 Animate Dead             Necr           2%         N/A       86%         4
 Borgnjor's Vile Clutch   Necr/Erth      1%         N/A       99%         5
 Death Channel            Necr           1%         N/A       100%        6


Dungeon Overview and Level Annotations

Branches:
Dungeon (4/15)
 Temple: D:4-7

Altars:

Shops:
D:1 :


Innate Abilities, Weirdness & Mutations

You cannot wear most types of armour.
You are amphibious.
You can wear up to eight rings at the same time.
Your skin changes colour to match your surroundings (Stealth+).
Your rubbery body absorbs attacks. (AC +1, EV +1)
((You are camouflaged when in or above water. (Stealth+)))
You have tentacles for arms and can constrict up to eight enemies at once.


Message History

The orc wizard casts a spell at you.
You are confused.
You're too confused to cast spells.
You bump into the rock wall.
The foxfire hits the orc wizard.
The orc wizard is heavily wounded.
The foxfire hits the orc wizard but does no damage.
The orc wizard is heavily wounded.
The orc wizard gestures at you while chanting.
The magic dart hits you.
A puff of flame appears from out of thin air!
The puff of flame hits you!
You barely miss the orc wizard.
The orc wizard is heavily wounded.
You feel less confused. The orc wizard casts a spell at you.
You resist with some effort.
You closely miss the orc wizard. You grab the orc wizard.
The orc wizard is heavily wounded.
You constrict the orc wizard.
The orc wizard points at you and mumbles some strange words.
You resist with some effort.
The orc wizard hits you with a +0 dagger.
You hear some strange, mumbled words.
Something tries to affect you, but you resist.
The orc hits you with a +0 dagger.
You puncture the orc wizard!
You kill the orc wizard!
The orc barely misses you. Something hits you.
* * * LOW HITPOINT WARNING * * *
Your Air Magic skill increases to level 1!
You hit the orc but do no damage. Your grab misses the orc.
You squeeze the orc, but do no damage. Something hits you.
* * * LOW HITPOINT WARNING * * *
The orc hits you with a +0 dagger.
* * * LOW HITPOINT WARNING * * *
The orc misses you. Something hits you.
* * * LOW HITPOINT WARNING * * *
It was a potion of haste.
You feel yourself speed up. The orc barely misses you. Something hits you.
You die...

#.## .. #..#
###.#####
#..###...#...#
....... ....#
##.....##....
#..###....##
#.#####.....)@...#
#...........o<.###
.......####....#
####.). #....#
..o## #.....#
...## #.##..# ##
..##....
.#.##.....
###>.......


You could see an orc.

Vanquished Creatures
  A scorpion (D:1)
  An orc wizard (D:4)
  4 gnolls (D:2)
  2 adders (D:3)
  A worm (D:3)
  5 orcs
  6 bats
  6 endoplasms
  A giant cockroach (D:1)
  2 goblins
  7 hobgoblins
  3 jackals (D:1)
  6 kobolds
  A quokka (D:3)
  2 ball pythons (D:2)
  7 frilled lizards
  A rat (D:3)
56 creatures vanquished.

Vanquished Creatures (others)
  155 foxfires
155 creatures vanquished.

Grand Total: 211 creatures vanquished

Notes
Turn   | Place    | Note
-------+----------+-------------------------------------------
     0 | D:1      | ragingrage the Octopode Wanderer began the quest for the
                  | Orb.
     0 | D:1      | ragingrage set off with the following items: a +0 dagger,
                  | 13 poisoned darts, a scroll of fear; and the following
                  | spells available to memorise: Apportation, Foxfire, Shock,
                  | Lesser Beckoning, Iskenderun's Mystic Blast.
     0 | D:1      | Reached XP level 1. HP: 11/11 MP: 3/3
     2 | D:1      | Learned a level 1 spell: Foxfire
     4 | D:1      | Learned a level 1 spell: Shock
    14 | D:1      | Found Mefoggev's Book Emporium.
   304 | D:1      | Reached XP level 2. HP: 16/17 MP: 5/5
  1071 | D:1      | Reached skill level 4 in Conjurations
  1368 | D:2      | Reached XP level 3. HP: 21/21 MP: 6/6
  1373 | D:2      | Learned a level 1 spell: Beastly Appendage
  1396 | D:2      | Noticed a scorpion
  1570 | D:1      | Killed a scorpion
  1571 | D:1      | Reached skill level 5 in Conjurations
  1571 | D:1      | Reached XP level 4. HP: 4/27 MP: 1/7
  1573 | D:1      | HP: 1/27 [poisoned by a scorpion]
  1762 | D:2      | Reached XP level 5. HP: 31/31 MP: 8/8
  2119 | D:2      | Learned a level 3 spell: Stone Arrow
  3437 | D:4      | Reached skill level 1 in Air Magic
  3438 | D:4      | Slain by an orc wizard

Illustrated notes

Levels and vault maps discovered:
D:1:      tarquinn_simple_flora_water_a, layout_loops_corners, serial_shops,
          nicolae_shop_statue_plus, amethyst_killhole,
          minmay_misc_feat_secret_circle
D:2:      layout_basic
D:3:      layout_rooms, minmay_tree_intersection, kennysheep_generic_room_10
D:4:      layout_rooms, overflow_temple_1_default, serial_glass,
          glass_columns_a, glass_columns_c

Skill      XL: |  1  2  3  4  5 |
---------------+----------------+-----
Conjurations   | 4 5 |  5.9
Air Magic      | 1 |  1.1
Throwing       | |  2.0
Spellcasting   | |  2.3
Translocations | |  3.0

Action                   |  1- 3 |  4- 6 || total
-------------------------+-------+-------++-------
Melee: Dagger            |    27 |       ||    27
       Constrict         |     9 |    10 ||    19
       Tentacles         |    11 |     9 ||    20
       Punch             |     1 |     1 ||     2
       Spear             |    19 |    24 ||    43
       Morningstar       |       |    13 ||    13
Throw: Dart              |       |     2 ||     2
 Cast: Foxfire           |    28 |    76 ||   104
       Shock             |     3 |       ||     3
       Beastly Appendage |     1 |       ||     1
  Use: Potion            |     1 |     1 ||     2
       Scroll            |     1 |       ||     1
 Stab: Sleeping          |     3 |       ||     3
Armor: Skin              |     5 |     4 ||     9
Dodge: Dodged            |    31 |    22 ||    53

Table legend: (Time is in decaauts)
 A = Elapsed time spent in this place.
 B = Non-inter-level travel time spent in this place.
 C = Inter-level travel time spent in this place.
 D = Time resting spent in this place.
 E = Time spent auto-exploring this place.
 F = Levels seen in this place.
 G = Mean time per level.
                   A        B        C        D        E       F      G
               +--------+--------+--------+--------+--------+-----+--------+
         Total |   3449 |   3332 |    117 |    685 |   2150 |   4 |  862.2 |
       Dungeon |   3449 |   3332 |    117 |    685 |   2150 |   4 |  862.2 |
               +--------+--------+--------+--------+--------+-----+--------+

Top non-repeatable levels by time:
     D:1: 1518 daAuts
     D:3: 1185 daAuts
     D:2: 715 daAuts
     D:4: 29 daAuts
